Unix NetHack Version 5.0.0-0 post-release - last build Jun 10 2026 00:39:30 (3ee93aec679c4c4259841fe613dc97188e26a321,branch:main).

Game began 2026-06-19 18:35:24, ended 2026-06-19 19:40:34.

Drastanta, lawful male human Samurai

                        -----          ---
                        |...            .
                        |...-----  -----.----
                        |...|((.|  |...|.-..|
                        ....|(((|  |...-.| .|
                        |...|.. --------.---|
                        |...-|---...'.......-- --- -   |
                        |...........N@..).d............|
                        |........{.-----|-.{............
                        |..........|.....|.............|
                       #|...---|-..|.....|....--- - ...|
       ---------.--   ##....| ..||-|.._..|.--|-     -- .
       |)[........|   ##|...|++.|..|[....|.|  |        |
       |..........|    #|...|+++|..-------.|
       |.)........|#   #|...--------      .-
       |..........-#####|....             .
       |..........|#    ------           ---
       |...........
       ------------

Drastanta the Ninja    St:17 Dx:18 Co:18 In:8 Wi:8 Ch:7  Lawful
Dlvl:8  $:0  HP:0(69) Pw:27(27) AC:7  Xp:7 T:3373 

Latest messages:
 The tengu appears close by!
 You see here a dagger.
 The priestess of Susanowo intones:
 "Pilgrim, you enter a sacred place!"
 You have a forbidding feeling...
 A spherical amulet lands on the altar.
 There is an amber flash as a pair of iron shoes hits the altar.
 A dwarvish cloak lands on the altar.
 A scroll labeled PRIRUTSENIE lands on the altar.
 A brown potion lands on the altar.
 A long wand lands on the altar.
 A lamp called Magic Lamp lands on the altar.
 You hear some noises in the distance.
 R - an uncursed spherical amulet.
 J - a blessed pair of iron shoes.
 S - an uncursed dwarvish cloak.
 The scroll turns to dust as you pick it up.
 Call a scroll labeled PRIRUTSENIE: Scare Monster?
 U - an uncursed brown potion.
 N - an uncursed long wand.
 t - an uncursed lamp called Magic Lamp.
 You stop.  The priestess of Susanowo doesn't want to swap places.
 You smell rotting flesh.
 You kill the jackal!
 You hear some noises.
 You see here a dagger.
 You hear some noises in the distance.
 You hear some noises.
 The giant zombie turns into a golden naga!
 You hear some noises in the distance.
 Pick a monster, object or location.
 You hit the golden naga!
 The golden naga bites!
 The golden naga points all around, then curses.
 You hit the golden naga!
 You miss the golden naga.
 The golden naga bites!
 The golden naga points all around, then curses.
 You hit the golden naga!
 The straw golem hits!
 The straw golem hits again!
 The golden naga bites!
 The golden naga points at you, then curses.
 You hit the golden naga!
 The straw golem hits!
 The straw golem hits again!
 The golden naga bites!
 You die...
 Do you want your possessions identified? [ynq] (y) y
 Do you want to see your attributes? [ynq] (y) q

Inventory:
 Amulets  ('"')
  R - an uncursed amulet of magical breathing
 Weapons  (')')
  c - a +0 yumi
  a - a +0 katana (weapon in right hand)
 Armor    ('[')
  O - a cursed -2 dwarvish iron helm (being worn)
  J - a blessed +1 pair of iron shoes
  P - a blessed +1 pair of iron shoes (being worn)
  S - an uncursed +0 dwarvish cloak
 Comestibles  ('%')
  F - an uncursed Can of White Monster
 Scrolls  ('?')
  B - an uncursed scroll of charging
 Potions  ('!')
  i - an uncursed potion of extra healing
  q - an uncursed potion of gain energy
  U - an uncursed potion of healing
  p - an uncursed potion of levitation
  L - a cursed potion of monster detection
  r - an uncursed potion of oil
  n - an uncursed potion of restore ability
  o - an uncursed potion of speed
 Rings    ('=')
  s - an uncursed ring of teleport control
 Wands    ('/')
  g - a wand of cancellation (0:5)
  E - a wand of create monster (0:14)
  N - a wand of magic missile (0:5)
 Tools    ('(')
  z - an uncursed sack containing 4 items
  u - an uncursed blindfold
  t - an uncursed magic lamp
  C - an uncursed magic whistle
  K - an uncursed skeleton key

Contents of the sack:
  63 gold pieces
  a blessed scroll of earth
  a blessed scroll of genocide
  an uncursed scroll of magic mapping

Drastanta the Samurai's attributes:

Background:
 You were a Ninja, a level 7 male human Samurai.
 You were lawful, on a mission for Amaterasu Omikami
 who was opposed by Raijin (neutral) and Susanowo (chaotic).
 You were right-handed.
 You were in the Gnomish Mines, on level 8.
 You entered the dungeon 3373 turns ago.
 You had 645 experience points, 635 more were needed to attain level 8.

Basics:
 You had 0 out of 69 hit points.
 You had all 27 energy points (spell power).
 Your armor class was 7.
 Your wallet was empty, but
 you had 63 zorkmids stashed away in your pack.
 Autopickup was on for '$' plus thrown.

Final Characteristics:
 Your strength was 17 (limit:18/100).
 Your dexterity was 18 (limit:18).
 Your constitution was 18 (limit:18).
 Your intelligence was 8 (limit:18).
 Your wisdom was 8 (limit:18).
 Your charisma was 7 (limit:18).

Final Status:
 You weren't hungry.
 You were unencumbered.
 You were wielding a long sword.
 You were skilled in long sword.

Final Attributes:
 You were piously aligned.
 You were fast.
 You are dead.

Miscellaneous:
 You encountered 1 bones level.
 Total elapsed playing time was 1 hour, 5 minutes and 10 seconds.

Major events:
 Turn
    1: Drastanta the lawful male human Samurai entered the dungeon
  912: attained the rank of Ronin (level 3)
 1701: entered the Gnomish Mines
 2237: attained the rank of Ninja (level 6)
 3043: reached Mine Town
 3373: killed by a chameleon imitating a golden naga

You didn't know any spells.

Skills:
 Fighting Skills
   martial arts      [Basic]
   two weapon combat [Unskilled]
   riding            [Unskilled]
 Weapon Skills
   dagger            [Unskilled]
   knife             [Unskilled]
   short sword       [Basic]
   broadsword        [Unskilled]
   long sword        [Skilled]
   two-handed sword  [Unskilled]
   saber             [Unskilled]
   flail             [Unskilled]
   quarterstaff      [Unskilled]
   polearms          [Unskilled]
   spear             [Unskilled]
   lance             [Unskilled]
   bow               [Basic]
   shuriken          [Unskilled]
 Spellcasting Skills
   attack spells     [Unskilled]
   divination spells [Unskilled]
   clerical spells   [Unskilled]

Voluntary challenges:
 Character rerolling was not enabled.
 You never genocided any monsters.
 You never polymorphed an object.
 You used no wishes.
Achievements:
 You entered a shop.
 You attained the rank of Ronin.
 You entered the Gnomish Mines.
 You attained the rank of Ninja.
 You entered Minetown.
 You entered a temple.

 The Dungeons of Doom: levels 1 to 5
    Level 1:
       A grave.
    Level 2:
       Some fountains.
    Level 3:
       A tool shop, a fountain.
    Level 4:
       A fountain.
       Stairs down to The Gnomish Mines.
    Level 5:
 The Gnomish Mines: levels 5 to 8
    Level 5:
    Level 6:
    Level 7:
    Level 8: <- You were here.
       A temple and an altar, some fountains.
       Final resting place for
          you, killed by a chameleon imitating a golden naga,
          irollones-Arc-Hum-Mal-Law, killed by a hill orc.


Vanquished creatures:
  a large mimic
  a large cat
  a leprechaun
  a jaguar
  a wood nymph
  a mountain nymph
  2 rock piercers
  a pony
  3 gnome leaders
  a little dog
  a floating eye
  5 dwarves
  a hill orc
  7 rothes
  2 rabid rats
 an orc zombie
  a wererat
 an iguana
  2 hobbits
  7 giant rats
  3 cave spiders
 20 gnomes
  2 geckos
  5 jackals
  2 kobolds
  2 goblins
  2 grid bugs
  2 lichens
  a kobold zombie
  4 newts
84 creatures vanquished.

No species were genocided or became extinct.

Game over:
                       ----------
                      /          \
                     /    REST    \
                    /      IN      \
                   /     PEACE      \
                  /                  \
                  |    Drastanta     |
                  |      63 Au       |
                  |   killed by a    |
                  |    chameleon     |
                  |   imitating a    |
                  |   golden naga    |
                  |       2026       |
                 *|     *  *  *      | *
        _________)/\\_//(\/(/\)/\//\/|_)_______

Sayonara Drastanta the Samurai...

You died in The Gnomish Mines on dungeon level 8 with 3029 points,
and 63 pieces of gold, after 3373 moves.
You were level 7 with a maximum of 69 hit points when you died.

